 Dungeon Crawl Stone Soup version 0.30-b1-2-g02819fbbbe (webtiles) character file.

Game seed: 799910179506251403

35 Barriton the Conjurer (level 3, 0/26 HPs)
             Began as a Draconian Conjurer on May 11, 2023.
             Slain by Sigmund
             ... wielding a +0 scythe
              (1 damage)
             ... on level 2 of the Dungeon on May 12, 2023.
             The game lasted 00:03:20 (1384 turns).

Barriton the Conjurer (Draconian Conjurer)          Turns: 1384, Time: 00:03:20

Health: 0/26       AC:  5    Str:  9    XL:     3   Next: 16%
Magic:  4/6        EV: 12    Int: 20    God:
Gold:   116        SH:  0    Dex:  9    Spells: 3/6 levels left

rFire   . . .        (no weapon)
rCold   . . .        (no shield)
rNeg    . . .        (body armour unavailable)
rPois   .            (helmet restricted)
rElec   .            (no cloak)
rCorr   .            (no gloves)
SInv    .            (no boots)
Will    .....        (no amulet)
Stlth   +            (no ring)
HPRegen 0.24/turn    (no ring)
MPRegen 0.10/turn

%: no passive effects
@: confused
A: AC +5, unfitting armour, cold-blooded
a: no special abilities


You were on level 2 of the Dungeon.
You visited 1 branch of the dungeon, and saw 3 of its levels.

You collected 116 gold pieces.

Inventory:

Scrolls
 e - a scroll of teleportation
Potions
 c - a potion of berserk rage {unknown}
 g - a potion of brilliance {unknown}
 i - a potion of curing {unknown}


   Skills:
 + Level 0.2 Fighting
 + Level 2.2 Dodging
 + Level 1.7 Stealth
 + Level 0.4 Unarmed Combat
 + Level 2.3 Spellcasting
 + Level 4.5 Conjurations


You had 3 spell levels left.
You knew the following spells:

 Your Spells              Type           Power      Damage    Failure   Level
a - Magic Dart            Conj           80%        1d7       2%          1
b - Searing Ray           Conj           40%        2d5       3%          2

Your spell library contained the following spells:

 Spells                   Type           Power      Damage    Failure   Level
 Dazzling Flash           Conj/Hex       22%        N/A       19%         3
 Fulminant Prism          Conj/Hex       5%         3d7       52%         4
 Iskenderun's Mystic Bla  Conj/Tloc      11%        2d4       52%         4


Dungeon Overview and Level Annotations

Branches:
Dungeon (3/15)

Altars:

Annotations:
D:2 Sigmund


Innate Abilities, Weirdness & Mutations

Your plain brown scales are hard. (AC +5)
You cannot fit into any form of body armour.
You are cold-blooded and may be slowed by cold attacks.


Message History

Okay, then.
Okay, then.
HP restored.
You climb upwards.
Level annotation: Sigmund
There is a stone staircase leading down here.
A puff of flame appears from out of thin air!
Deactivating autopickup; reactivate with Ctrl-A.
The puff of flame hits you!
Casting: Magic Dart (safe; 2% risk of failure)
Confirm with . or Enter, or press ? or * to list all spells.
You don't know that spell.
Casting: Magic Dart (safe; 2% risk of failure)
Confirm with . or Enter, or press ? or * to list all spells.
Aiming: Searing Ray (safe; 3% risk of failure)
Press: ? - help, Shift-Dir - straight line (Press . to maintain the ray.)
The searing ray hits something.
Something hits you.
The searing ray hits something.
Something completely misses you.
The searing ray hits something.
You finish channelling your searing ray.
You hear some strange, mumbled words.
A puff of flame appears from out of thin air!
The puff of flame misses you.
Casting: Searing Ray (safe; 3% risk of failure)
Confirm with . or Enter, or press ? or * to list all spells.
You can't see any susceptible monsters within range! (Use Z to cast anyway.) Unknown command.
Magic courses through your body. Something hits you!
* * * LOW HITPOINT WARNING * * *
Casting: Searing Ray (safe; 3% risk of failure)
Confirm with . or Enter, or press ? or * to list all spells.
Aiming: Searing Ray (safe; 3% risk of failure)
Press: ? - help, Shift-Dir - straight line (Press . to maintain the ray.)
You hear some strange, mumbled words.
You are confused.
Unknown command.
Something hits you.
You die...

#(# # #.# .#.
#.############.#
....#.#......{.....#
#......###.########
....#.#.# #.# ##+##
...#{# #.#
#...####.#.###.#
#...# #.#@.##.#
#...####...>##.#
#...'..#.##.##.#
#...####.##.##.#
##'#.....#.....#
#.#.#####..####
#.#.# #..# #.#.#
#..# #.#.# #..#


There were no monsters in sight!

Vanquished Creatures
  A ball python (D:1)
  3 bats (D:1)
  3 endoplasms (D:1)
  2 giant cockroaches (D:1)
  2 goblins (D:1)
  5 hobgoblins (D:1)
  2 jackals (D:1)
  2 quokkas
  A frilled lizard (D:1)
  5 kobolds (D:1)
  2 rats (D:1)
28 creatures vanquished.

Notes
Turn   | Place    | Note
-------+----------+-------------------------------------------
     0 | D:1      | Barriton the Draconian Conjurer began the quest for the
                  | Orb.
     0 | D:1      | Reached XP level 1. HP: 14/14 MP: 3/3
    70 | D:1      | Reached XP level 2. HP: 19/20 MP: 0/5
    73 | D:1      | Learned a level 2 spell: Searing Ray
   308 | D:1      | Found a faded altar of an unknown god.
   711 | D:1      | Reached XP level 3. HP: 26/26 MP: 4/6
  1347 | D:2      | Noticed Sigmund
  1382 | D:2      | HP: 1/26 [something (9)]
  1384 | D:2      | Slain by Sigmund

Illustrated notes

Levels and vault maps discovered:
D:1:      wander_arrival_desolate, layout_basic,
          hellmonk_ecumenical_altar_zigzags
D:2:      layout_basic, minmay_liquid_box, uniq_sigmund
D:3:      layout_basic, gammafunk_temple_overflow_wave,
          biasface_ghost_orc_armoury, minivault_4

Skill      XL: |  1  2 |
---------------+-------+-----
Dodging        | 2 |  2.2
Fighting       | |  0.2
Stealth        | |  1.7
Unarmed Combat | |  0.4
Spellcasting   | |  2.3
Conjurations   | |  4.5

Action                     || total
---------------------------++-------
  Melee: Unarmed           ||    69
         Tailslap          ||     4
   Cast: Magic Dart        ||    43
         Searing Ray       ||     2
    Use: Scroll            ||     5
         Potion            ||     1
 Armour: Skin              ||    30
  Dodge: Dodged            ||    56
